Map: 엔디온 잔해

Players

Rave

  • Race: Zerg Zerg
  • League: Grandmaster

llllllllllll (Scarlett) - Winner!

  • Race: Zerg Zerg
  • League: Grandmaster

VOD

Have the link to the VOD?

Description

Time

  • Played on: April 13, 2016, 5:14 a.m.
  • Length: 4:53
Show
View Real Time Build Order
Export as new Build Order

Rave Zerg 

Build Orders: Hatch First 

Get SALT Encoding   

  12  0:01  Drone  
  13  0:10  Drone  
  14  0:20  Overlord  
  14  0:38  Drone x3  
  17  0:52  Hatchery  
  16  1:06  Spawning Pool  
  16  1:10  Drone  
  16  1:13  Drone  
  16  1:16  Extractor  
  16  1:19  Drone  
  17  1:27  Drone  
  18  1:34  Drone  
  19  1:53  Zergling x2  
  20  1:56  Spine Crawler x2  
  20  1:58  Zergling x2  
  19  2:05  Zergling x2  
  18  2:21  Zergling x2  
  15  2:30  Zergling x2  
  15  2:37  Zergling x2  
  16  2:48  Zergling x2  
  17  2:59  Zergling x6  
  17  3:05  Overlord  
  5  3:36  Drone  
  5  3:37  Drone  
  4  3:49  Drone  
  5  4:08  Drone  
  6  4:19  Drone  
  7  4:27  Drone  
  8  4:39  Drone  
Show
View Real Time Build Order
Export as new Build Order

llllllllllll Zerg - Winner!

Build Orders: Pool Only 

Get SALT Encoding   

  12  0:00  Drone  
  13  0:23  Spawning Pool  
  13  0:25  Drone  
  13  0:29  Drone  
  14  0:37  Drone, Extractor  
  15  0:43  Overlord  
  15  1:09  Zergling x6, Queen  
  20  1:21  Zergling x2  
  21  1:27  Spine Crawler  
  20  1:35  Zergling x2  
  21  1:43  Zergling x2  
  23  2:01  Spine Crawler  
  23  2:04  Spine Crawler  
  23  2:06  Zergling x2  
  20  2:19  Zergling x4  
  21  2:36  Zergling x2  
  22  2:48  Spine Crawler  
  21  3:09  Overlord  
  14  3:35  Drone x4  
  18  3:57  Overlord  
  18  3:59  Zergling x4  
  20  4:13  Zergling x8  
  24  4:24  Zergling x2  
  25  4:41  Spine Crawler  
  25  4:42  Spine Crawler  
  24  4:46  Spine Crawler  
Tags
 
Add a new tag
Caveats
  • Supply blocks, unpowered buildings, or Contaminate may cause inaccurate times.
  • Supply counts are checked every 10 seconds.